 Dungeon Crawl Stone Soup version 0.21-a0-405-gf2af9a1 (webtiles) character file.

33 TheDeThijs the Cudgeler (level 3, 0/36 HPs)
             Began as a Troll Fighter on Nov 1, 2017.
             Slain by a kobold (1 damage)
             ... on level 2 of the Dungeon.
             The game lasted 00:05:24 (611 turns).

TheDeThijs the Cudgeler (Troll Fighter)              Turns: 611, Time: 00:05:25

Health: 0/36       AC:  5    Str: 25    XL:     3   Next: 12%
Magic:  2/2        EV:  8    Int:  4    God:
Gold:   33         SH:  8    Dex:  9    Spells: 2/2 levels left

rFire    . . .     SeeInvis .   a - +0 flail
rCold    . . .     Gourm    +   c - +0 shield
rNeg     . . .     Faith    .   b - +0 robe
rPois    .         Spirit   .   (helmet restricted)
rElec    .         Reflect  .   (no cloak)
rCorr    .         Harm     .   (gloves unavailable)
MR       .....                  (boots unavailable)
Stlth    +.........             (no amulet)
HPRegen  0.52/turn              (no ring)
MPRegen  0.08/turn              (no ring)

@: no status effects
A: unfitting armour, claws 3, fast metabolism 3, gourmand, regeneration 1,
shaggy fur 1, tough skin 2
a: no special abilities


You were on level 2 of the Dungeon.
You were not hungry.

You visited 1 branch of the dungeon, and saw 2 of its levels.

You collected 33 gold pieces.

Inventory:

Hand Weapons
 a - a +0 flail (weapon)
Armour
 b - a +0 robe (worn)
 c - a +0 shield (worn)
Jewellery
 h - an uncursed amulet of regeneration {unknown}
 j - a cursed ring of teleportation {unknown}
 k - an uncursed ring of protection from magic {unknown}
Scrolls
 g - 2 scrolls of enchant weapon {unknown}
 l - a scroll of fog {unknown}
 p - a scroll of enchant armour {unknown}
Potions
 d - a potion of might
 e - a potion of curing
 i - a potion of berserk rage {unknown}
 n - 2 potions of agility {unknown}
 o - 2 potions of heal wounds {unknown}
Comestibles
 f - 3 bread rations
 m - a meat ration


   Skills:
 + Level 2.4 Fighting
 + Level 3.2 Maces & Flails
 - Level 2.4 Dodging
 - Level 2.4 Shields


You had 2 spell levels left.
You didn't know any spells.

Dungeon Overview and Level Annotations

Branches:
Dungeon (2/15)

Altars:


Innate Abilities, Weirdness & Mutations

You are too large for most types of armour.
You have claws for hands.
Your metabolism is lightning-fast.
You like to eat raw meat.
Your natural rate of healing is unusually fast.
You are covered in fur. (AC +1)
You have very tough skin. (AC +2)


Message History

A stone appears from out of thin air!
The stone hits you but does no damage.
The orc priest mumbles some strange prayers to Beogh against you.
Beogh smites you!
You see here a stone. 2 orcs come into view.
An orc comes into view. It is wielding a club.
The orc shouts!
The orc closely misses you. Something hits you but does no damage.
You hit something. You block the orc's attack.
Something hits you but does no damage. The orc barely misses you.
You barely miss something. Something hits you.
The orc priest hits you but does no damage.
The orc hits you with a dagger. Something hits you but does no damage.
You closely miss something.
The orc priest mumbles some strange prayers to Beogh against you.
Pain shoots through your body!
* * * LOW HITPOINT WARNING * * *
The orc closely misses you. Something hits you.
You die...

#####.....##
#.........#
#..##.....# . #+
##...## #####..
##..#######.......
#......##..o...
#..###.##o..#
#.####.##oo.#
#..(()..@o..#
#......(#.###
###.###.#.# ## #.#
#.#.# .# #.# #.#.#
<# #.. ....# .#
### #.... .# #..##
.# #..#


You could see an orc priest and 4 orcs.

Vanquished Creatures
  An adder (D:2)
  2 leopard geckos (D:1)
  A goblin (D:2)
  4 hobgoblins
  4 bats
  2 frilled lizards (D:1)
  3 kobolds (D:1)
  6 rats
23 creatures vanquished.

Notes
Turn   | Place    | Note
-------+----------+-------------------------------------------
     0 | D:1      | TheDeThijs the Troll Fighter began the quest for the Orb.
     0 | D:1      | Reached XP level 1. HP: 22/22 MP: 0/0
    30 | D:1      | Reached skill level 2 in Maces & Flails
   154 | D:1      | Reached XP level 2. HP: 29/29 MP: 1/1
   556 | D:2      | Reached skill level 3 in Maces & Flails
   566 | D:2      | Reached XP level 3. HP: 24/36 MP: 2/2
   611 | D:2      | HP: 1/36 [orc priest/nerve-wracking pain (13)]
   611 | D:2      | Slain by a kobold

Vault maps used:
D:1:      tarquinn_simple_flora_water_e
D:2:      first_bread, kennysheep_generic_room_3, uniq_robin

Skill      XL: |  1  2 |
---------------+-------+-----
Maces & Flails | 2 3 |  3.2
Fighting       | |  2.4
Dodging        | |  2.4
Shields        | |  2.4

Action                   || total
-------------------------++-------
Melee: Flail             ||   124
  Use: Potion            ||     1
  Eat: Chunk             ||     3
Armor: Robe              ||    74
Dodge: Dodged            ||    52
Block: Shield            ||    74

Table legend:
 A = Spawn XP
 B = Non-spawn XP
 C = Spawn XP percentage of total XP
 D = Spawn monster count
 E = Non-spawn monster count
 F = Spawn count percentage of total count
 G = Total turns spent on level
                    A         B        C        D         E        F      G
               +---------+---------+-------+---------+---------+-------+---------
         Total |       0 |      48 |   0.0 |       0 |      23 |   0.0 |   611
               +---------+---------+-------+---------+---------+-------+---------
           D:1 |       0 |      23 |   0.0 |       0 |      14 |   0.0 |   502
           D:2 |       0 |      25 |   0.0 |       0 |       9 |   0.0 |   109
               +---------+---------+-------+---------+---------+-------+---------
